 Dungeon Crawl Stone Soup version 0.21.1-1-g345015f (webtiles) character file.

2285 Mirai the Covert (level 9, -17/45 HPs)
             Began as a Kobold Enchanter on Apr 30, 2018.
             Was a Follower of Okawaru.
             Demolished by a two-headed ogre
             ... wielding a cursed -1 giant club
              (20 damage)
             ... on level 8 of the Dungeon.
             The game lasted 00:20:20 (6529 turns).

Mirai the Covert (Kobold Enchanter)                 Turns: 6529, Time: 00:20:21

Health: -17/45     AC:  9    Str:  5    XL:     9   Next: 66%
Magic:  12/16      EV: 13    Int: 17    God:    Okawaru [*.....]
Gold:   338        SH:  7    Dex: 18    Spells: 8/17 levels left

rFire    + . .     SeeInvis .   I - +1 dagger (protect)
rCold    . . .     Gourm    .   i - +1 buckler
rNeg     . . .     Faith    .   w - +0 ring mail {rF+}
rPois    .         Spirit   .   (no helmet)
rElec    .         Reflect  .   A - +0 cloak
rCorr    .         Harm     .   (no gloves)
MR       .....                  m - +2 pair of boots
Stlth    ++++......             q - amulet of regeneration
HPRegen  0.55/turn              y - ring of wizardry
MPRegen  0.15/turn              a - +1 ring of slaying

@: no status effects
A: small, carnivore
a: Heroism, Renounce Religion


You were on level 8 of the Dungeon.
You worshipped Okawaru.
Okawaru was aware of your devotion.
You were very full.

You visited 2 branches of the dungeon, and saw 9 of its levels.

You collected 338 gold pieces.

Inventory:

Hand Weapons
 j - a +3 dagger
 o - a +0 rapier
 I - a +1 dagger of protection (weapon)
Armour
 b - a +0 robe
 i - a +1 buckler (worn)
 m - a +2 pair of boots (worn)
 w - a +0 ring mail of fire resistance (worn)
 A - a +0 cloak (worn)
Jewellery
 a - a +1 ring of slaying (right hand)
 f - an uncursed ring of magical power
 h - an uncursed amulet of faith {unknown}
 q - an amulet of regeneration (around neck)
 v - a +2 ring of dexterity
 y - a ring of wizardry (left hand)
 B - an uncursed ring of ice
 D - a cursed +2 amulet of reflection {unknown}
Wands
 u - a wand of flame (15)
 K - a wand of scattershot (8)
Scrolls
 g - a scroll of enchant weapon {unknown}
 p - 4 scrolls of remove curse
 s - a scroll of enchant armour
 x - a scroll of random uselessness {unknown}
 E - a scroll of fear {unknown}
 F - a scroll of magic mapping
 H - a scroll of immolation {unknown}
 J - a scroll of identify
 L - a scroll of teleportation
Potions
 e - a potion of flight {unknown}
 k - a potion of lignification {unknown}
 l - 3 potions of agility {unknown}
 n - a potion of mutation {unknown}
 r - 3 potions of curing {unknown}
 t - 2 potions of haste {unknown}
 z - 2 potions of might {unknown}
Books
 c - a book of Maledictions

   Spells                             Type                      Level
   a - Corona                         Hexes                        1
   b - Ensorcelled Hibernation        Hexes/Ice                    2
   c - Confuse                        Hexes                        3
   d - Tukima's Dance                 Hexes                        3
   e - Dazzling Spray                 Conjuration/Hexes            3
 C - a book of Debilitation

   Spells                             Type                      Level
   a - Corona                         Hexes                        1
   b - Slow                           Hexes                        2
   c - Inner Flame                    Hexes/Fire                   3
   d - Portal Projectile              Hexes/Translocation          3
   e - Cause Fear                     Hexes                        4
   f - Leda's Liquefaction            Hexes/Earth                  4
 G - a book of Conjurations

   Spells                             Type                      Level
   a - Magic Dart                     Conjuration                  1
   b - Searing Ray                    Conjuration                  2
   c - Dazzling Spray                 Conjuration/Hexes            3
   d - Fulminant Prism                Conjuration/Hexes            4
   e - Force Lance                    Conjuration/Translocation    4
   f - Iskenderun's Mystic Blast      Conjuration                  4
Comestibles
 d - 17 rations


   Skills:
 + Level 5.5 Short Blades
 + Level 3.1 Armour
 + Level 5.3 Dodging
 * Level 9.3 Stealth
 + Level 2.9 Shields
 + Level 4.7 Spellcasting
 + Level 5.0 Hexes
 + Level 3.7 Ice Magic


You had 8 spell levels left.
You knew the following spells:

 Your Spells              Type           Power        Failure   Level  Hunger
a - Corona                Hex            ###....      4%          1    None
b - Ensorcelled Hibernat  Hex/Ice        ###...       9%          2    #......
c - Confuse               Hex            ###.....     12%         3    ###....
d - Tukima's Dance        Hex            ###.....     12%         3    ###....


Dungeon Overview and Level Annotations

Branches:
Dungeon (8/15)             Temple (1/1) D:6
   Lair: D:8-11

Altars:
Cheibriados
Dithmenos
Elyvilon
Fedhas
Hepliaklqana
Makhleb
Nemelex Xobeh
Okawaru
Qazlal
Sif Muna
Trog
Uskayaw
Vehumet
Wu Jian
Xom
Yredelemnul

Shops:
D:4 (   D:6 !


Innate Abilities, Weirdness & Mutations

You are small and have problems with some larger weapons.
You are carnivorous and can eat meat at any time.


Message History

There is a stone staircase leading up, spattered with blood here.
Casting: Ensorcelled Hibernation
Confirm with . or Enter, or press ? or * to list all spells.
You don't know that spell.
Unknown command.
Okay, then.
Casting: Ensorcelled Hibernation
Confirm with . or Enter, or press ? or * to list all spells.
Aiming: Ensorcelled Hibernation
Press: ? - help, Shift-Dir - straight line, f - two-headed ogre
Aim: a two-headed ogre, wielding a giant club and a giant spiked club (chance to defeat MR: 31%)
The two-headed ogre easily resists.
Casting: Ensorcelled Hibernation
Confirm with . or Enter, or press ? or * to list all spells.
Aiming: Ensorcelled Hibernation
Press: ? - help, Shift-Dir - straight line, f/p - two-headed ogre
Aim: a two-headed ogre, wielding a giant club and a giant spiked club (chance to defeat MR: 31%)
The two-headed ogre easily resists.
The two-headed ogre hits you with a giant club!!
You die...

...... >...h
... ..# ###.#
#...#######
#)#)[.....#
#.#)#####.#
..#@O...#
...#...#.#
....#.....#
..%..#.#...#
..#+###.##.##
#.. .. ###
###


You could see a two-headed ogre.

Vanquished Creatures
  A hippogriff (D:7)
  A water moccasin (D:7)
  2 ice beasts
  A black bear (D:6)
  3 sky beasts
  The ghost of dscm the Skirmisher, an amateur DsFi (D:4)
  A necrophage (D:7)
  2 bullfrogs (D:6)
  3 scorpions
  3 howler monkeys
  A crimson imp (D:6)
  2 hounds
  2 orc priests
  6 orc wizards
  Crazy Yiuf (D:4)
  2 bullfrog skeletons
  A centaur skeleton (D:7)
  Ijyb (D:4)
  Terence (D:3)
  Natasha (thrice) (D:3)
  An iguana (D:6)
  4 worker ants
  A howler monkey zombie (D:5)
  11 adders
  2 shadow imps
  4 worms
  3 leopard geckos
  13 orcs
  3 giant cockroaches
  10 goblins
  7 hobgoblins
  4 jackals
  6 quokkas
  5 bats
  A frilled lizard (D:4)
  A jackal skeleton (D:8)
  7 kobolds
  7 rats
128 creatures vanquished.

Notes
Turn   | Place    | Note
-------+----------+-------------------------------------------
     0 | D:1      | Mirai the Kobold Enchanter began the quest for the Orb.
     0 | D:1      | Reached XP level 1. HP: 10/10 MP: 3/3
   265 | D:1      | Reached XP level 2. HP: 11/15 MP: 5/5
   273 | D:1      | Learned a level 2 spell: Ensorcelled Hibernation
   905 | D:2      | Reached XP level 3. HP: 19/19 MP: 6/6
  1103 | D:2      | Reached XP level 4. HP: 22/24 MP: 7/7
  1133 | D:2      | Found a shadowy altar of Dithmenos.
  1171 | D:2      | Found a faded altar of an unknown god.
  1850 | D:3      | Reached skill level 5 in Stealth
  1897 | D:3      | Reached skill level 1 in Ice Magic
  1897 | D:3      | Reached XP level 5. HP: 20/28 MP: 9/9
  2051 | D:3      | Noticed Natasha
  2056 | D:3      | Killed Natasha
  2079 | D:3      | Found a bloodstained altar of Trog.
  2142 | D:3      | Noticed Terence
  2150 | D:3      | Reached skill level 1 in Armour
  2155 | D:3      | Killed Terence
  2202 | D:3      | Noticed Natasha
  2209 | D:3      | Killed Natasha
  2209 | D:3      | Reached XP level 6. HP: 18/32 MP: 10/10
  2530 | D:3      | Noticed Natasha
  2534 | D:3      | Killed Natasha
  2676 | D:4      | Noticed Ijyb
  2681 | D:4      | Learned a level 3 spell: Confuse
  2698 | D:4      | Killed Ijyb
  2753 | D:4      | Noticed dscm's ghost (amateur DsFi)
  2799 | D:3      | Reached skill level 1 in Shields
  2918 | D:3      | Learned a level 3 spell: Tukima's Dance
  2948 | D:4      | Killed dscm's ghost
  2948 | D:4      | Reached skill level 6 in Stealth
  2948 | D:4      | Reached XP level 7. HP: 36/36 MP: 12/12
  3122 | D:4      | Found Lalic's Weapon Emporium.
  3493 | D:4      | Found a runed door.
  3497 | D:4      | Noticed Crazy Yiuf
  3502 | D:4      | Killed Crazy Yiuf
  3634 | D:5      | Entered Level 5 of the Dungeon
  3882 | D:5      | Reached XP level 8. HP: 35/41 MP: 13/13
  3937 | D:5      | Reached skill level 7 in Stealth
  4433 | D:6      | Found a staircase to the Ecumenical Temple.
  4457 | Temple   | Entered the Ecumenical Temple
  4483 | Temple   | Became a worshipper of Warmaster Okawaru
  4666 | D:6      | Found Rynwaec's Distillery.
  4926 | D:6      | Found an ornate altar of the Wu Jian Council.
  5135 | D:6      | Reached skill level 8 in Stealth
  5218 | D:6      | Reached XP level 9. HP: 45/45 MP: 15/15
  5356 | D:6      | Reached * piety under Okawaru
  5639 | D:7      | Reached skill level 5 in Short Blades
  5646 | D:7      | Reached skill level 5 in Dodging
  5709 | D:7      | Found Riqempech's Assorted Antiques.
  5727 | D:7      | Noticed a hippogriff
  5742 | D:7      | Killed a hippogriff
  5742 | D:7      | Reached skill level 9 in Stealth
  6426 | D:8      | Reached skill level 5 in Hexes
  6436 | D:8      | Noticed a two-headed ogre
  6527 | D:8      | HP: 1/45 [two-headed ogre/giant club (14)]
  6529 | D:8      | Demolished by a two-headed ogre

Skill      XL: |  1  2  3  4  5  6  7  8  9 |
---------------+----------------------------+-----
Short Blades   | 2 3 4 5 |  5.5
Stealth        | 5 6 8 9 |  9.3
Dodging        | 3 4 5 |  5.3
Ice Magic      | 1 2 3 |  3.7
Armour         | 1 2 3 |  3.1
Spellcasting   | 3 4 |  4.7
Shields        | 1 2 |  2.9
Hexes          | 4 5 |  5.0

Action                   |  1- 3 |  4- 6 |  7- 9 || total
-------------------------+-------+-------+-------++-------
Melee: Dagger            |   117 |       |    66 ||   183
       Rapier            |       |   122 |   168 ||   290
 Cast: Ensorcelled Hiber |    10 |    31 |    60 ||   101
       Confuse           |       |     3 |    12 ||    15
       Corona            |       |       |     4 ||     4
  Use: Scroll            |     2 |     1 |     2 ||     5
       Potion            |       |     1 |       ||     1
 Stab: Sleeping          |     7 |    25 |    41 ||    73
       Distracted        |       |     2 |       ||     2
       Confused          |       |     3 |     6 ||     9
  Eat: Chunk             |    10 |     8 |    13 ||    31
Armor: Ring mail         |    50 |       |    59 ||   109
       Robe              |    10 |    32 |     2 ||    44
Dodge: Dodged            |   117 |    93 |    97 ||   307
Block: Buckler           |     6 |    39 |    59 ||   104
